 Dungeon Crawl Stone Soup version 0.28.0-43-g3370ac3207 (webtiles) character file.

Game seed: 8929610361130311602

125 jimonade the Poker (level 5, -2/43 HPs)
             Began as a Gnoll Wanderer on Mar 13, 2022.
             Killed from afar by an orc wizard (7 damage)
             ... with a puff of flame
             ... on level 4 of the Dungeon.
             The game lasted 00:06:44 (3137 turns).

jimonade the Poker (Gnoll Wanderer)                 Turns: 3137, Time: 00:06:44

Health: -2/43      AC:  6    Str: 11    XL:     5   Next: 9%
Magic:  7/7        EV: 11    Int: 12    God:
Gold:   104        SH:  0    Dex: 13    Spells: 6/6 levels left

rFire   . . .      SeeInvis .   a - +1 trident
rCold   . . .      Faith    .   (no shield)
rNeg    . . .      Spirit   .   i - +0 ring mail
rPois   .          Reflect  .   (no helmet)
rElec   .          Harm     .   (no cloak)
rCorr   .          Rampage  .   q - +0 pair of gloves
Will    .....                   (no boots)
Stlth   ..........              (no amulet)
HPRegen 0.14/turn               (no ring)
MPRegen 0.10/turn               (no ring)

@: confused
A: fangs 1, strong nose, distributed training
a: no special abilities


You were on level 4 of the Dungeon.
You visited 1 branch of the dungeon, and saw 4 of its levels.

You collected 104 gold pieces.

Inventory:

Hand Weapons
 a - a +1 trident (weapon)
 b - a +0 quarterstaff
 k - a +0 spear
 u - a +0 vorpal spear
Missiles
 h - 87 stones (quivered)
 j - 26 bolts
Armour
 c - a +0 robe
 f - a +0 leather armour
 i - a +0 ring mail (worn)
 q - a +0 pair of gloves (worn)
Potions
 d - a potion of brilliance {unknown}
 l - a potion of heal wounds
 n - a potion of berserk rage {unknown}
 o - a potion of curing {unknown}
 t - a potion of flight {unknown}


   Skills:
 + Level 4.7 Fighting
 + Level 1.3 Short Blades
 + Level 1.3 Long Blades
 + Level 1.3 Axes
 + Level 1.3 Maces & Flails
 + Level 6.6 Polearms
 + Level 2.9 Staves
 + Level 1.3 Slings
 + Level 1.3 Bows
 + Level 1.3 Crossbows
 + Level 2.9 Throwing
 + Level 1.3 Armour
 + Level 2.9 Dodging
 + Level 2.7 Stealth
 + Level 1.3 Shields
 + Level 1.3 Unarmed Combat
 + Level 1.3 Spellcasting
 + Level 1.1 Conjurations
 + Level 1.1 Hexes
 + Level 1.1 Summonings
 + Level 1.1 Necromancy
 + Level 1.1 Translocations
 + Level 1.1 Transmutations
 + Level 1.1 Fire Magic
 + Level 1.1 Ice Magic
 + Level 1.1 Air Magic
 + Level 1.1 Earth Magic
 + Level 1.1 Poison Magic
 + Level 1.5 Invocations
 + Level 2.9 Evocations


You had 6 spell levels left.
You didn't know any spells.
Your spell library contained the following spells:

 Spells                   Type           Power      Damage    Failure   Level
 Frozen Ramparts          Ice            6%         1d2       78%         3
 Ice Form                 Ice/Tmut       3%         N/A       99%         4
 Summon Ice Beast         Ice/Summ       3%         N/A       99%         4
 Conjure Ball Lightning   Conj/Air       1%         3x3d6     100%        6
 Discord                  Hex            1%         N/A       100%        8
 Disjunction              Tloc           1%         N/A       100%        8


Dungeon Overview and Level Annotations

Branches:
Dungeon (4/15)
 Temple: D:4-7

Altars:
Fedhas


Innate Abilities, Weirdness & Mutations

You have very sharp teeth.
Your uncanny sense of smell can sniff out nearby items.
Your experience applies equally to all skills.


Message History

You are confused.
An orc wizard comes into view. It is wielding a +0 dagger.
The orc barely misses you.
You are too confused!
You are too confused!
You are too confused!
You are too confused!
You hear some strange, mumbled words.
You are more confused.
The orc barely misses you.
You miss the orc.
The orc is heavily wounded.
You're too confused to move!
The orc priest mumbles some strange prayers to Beogh against you.
Beogh smites you!
You hit the orc.
You kill the orc!
You hit the orc priest.
The orc priest is lightly wounded.
Something hits you. Something freezes you.
The orc priest begins to cast a cantrip, but forgets the words!
You puncture the orc priest!
The orc priest is severely wounded.
The orc wizard mumbles some strange words.
The orc wizard flickers and vanishes!
You hear some strange, mumbled words.
A puff of flame appears from out of thin air!
The puff of flame hits you!
* * * LOW HITPOINT WARNING * * *
The orc priest barely misses you.
You bump into the rock wall.
Something hits you.
* * * LOW HITPOINT WARNING * * *
Something freezes you.
* * * LOW HITPOINT WARNING * * *
The orc priest hits you but does no damage.
You puncture something!
You hear some strange, mumbled words.
A puff of flame appears from out of thin air!
The puff of flame hits you!
You die...

#.# .....# .# #. .....# ..#
##....#.... : .....# ...
......#.... .##...).# ...
........... .......
..####......#..# ....o.
............#..####...#
................##....# .
.................##..#..##
##..............@o.o.....#
##..............{{..##.###
.#.......#.......#.......
##....).....###.####.......
.#..###.....# #.# #......
))..# #.#..## ### #.#.[#
#)..# ###### ## # ...##
..##


You could see an orc priest and an orc.

Vanquished Creatures
  3 gnolls (D:4)
  3 adders
  An adder skeleton (D:4)
  A worm (D:2)
  A dart slug (D:2)
  4 orcs
  4 bats (D:1)
  5 endoplasms
  2 giant cockroaches
  4 goblins
  3 hobgoblins
  4 jackals (D:1)
  3 kobolds (D:1)
  2 quokkas
  5 ball pythons
  3 frilled lizards
  7 rats
55 creatures vanquished.

Notes
Turn   | Place    | Note
-------+----------+-------------------------------------------
     0 | D:1      | jimonade the Gnoll Wanderer began the quest for the Orb.
     0 | D:1      | jimonade set off with the following items: a +1 trident, a
                  | +0 quarterstaff, a +0 robe
     0 | D:1      | Reached XP level 1. HP: 20/20 MP: 1/1
    34 | D:1      | Found a faded altar of an unknown god.
   141 | D:1      | Reached XP level 2. HP: 22/26 MP: 2/2
   911 | D:1      | Reached XP level 3. HP: 30/31 MP: 3/3
  1479 | D:2      | Reached skill level 1 in Invocations
  1807 | D:2      | Reached skill level 1 in Short Blades
  1807 | D:2      | Reached skill level 1 in Long Blades
  1807 | D:2      | Reached skill level 1 in Axes
  1807 | D:2      | Reached skill level 1 in Maces & Flails
  1807 | D:2      | Reached skill level 1 in Slings
  1807 | D:2      | Reached skill level 1 in Bows
  1807 | D:2      | Reached skill level 1 in Crossbows
  1807 | D:2      | Reached skill level 1 in Armour
  1807 | D:2      | Reached skill level 1 in Shields
  1807 | D:2      | Reached skill level 1 in Unarmed Combat
  1807 | D:2      | Reached skill level 1 in Spellcasting
  2012 | D:3      | Reached XP level 4. HP: 30/38 MP: 5/5
  2372 | D:3      | Reached skill level 1 in Conjurations
  2372 | D:3      | Reached skill level 1 in Hexes
  2372 | D:3      | Reached skill level 1 in Summonings
  2372 | D:3      | Reached skill level 1 in Necromancy
  2372 | D:3      | Reached skill level 1 in Translocations
  2372 | D:3      | Reached skill level 1 in Transmutations
  2372 | D:3      | Reached skill level 1 in Fire Magic
  2372 | D:3      | Reached skill level 1 in Ice Magic
  2372 | D:3      | Reached skill level 1 in Air Magic
  2372 | D:3      | Reached skill level 1 in Earth Magic
  2372 | D:3      | Reached skill level 1 in Poison Magic
  2478 | D:3      | Found a blossoming altar of Fedhas.
  2754 | D:4      | Reached XP level 5. HP: 9/43 MP: 5/7
  3137 | D:4      | Killed from afar by an orc wizard

Illustrated notes

Levels and vault maps discovered:
D:1:      dpeg_arrival_oval, layout_basic, hellmonk_ecumenical_altar_zigzags
D:2:      layout_rooms, corexii_corridor_pit
D:3:      layout_basic, fedhas_altar_3
D:4:      layout_cave_pools, portal_sewer_entry_d

Skill      XL: |  1  2  3  4 |
---------------+-------------+-----
Invocations    | 1 |  1.5
Short Blades   | 1 |  1.3
Long Blades    | 1 |  1.3
Axes           | 1 |  1.3
Maces & Flails | 1 |  1.3
Slings         | 1 |  1.3
Bows           | 1 |  1.3
Crossbows      | 1 |  1.3
Armour         | 1 |  1.3
Shields        | 1 |  1.3
Unarmed Combat | 1 |  1.3
Spellcasting   | 1 |  1.3
Conjurations   | 1 |  1.1
Hexes          | 1 |  1.1
Summonings     | 1 |  1.1
Necromancy     | 1 |  1.1
Translocations | 1 |  1.1
Transmutations | 1 |  1.1
Fire Magic     | 1 |  1.1
Ice Magic      | 1 |  1.1
Air Magic      | 1 |  1.1
Earth Magic    | 1 |  1.1
Poison Magic   | 1 |  1.1
Fighting       | |  4.7
Polearms       | |  6.6
Staves         | |  2.9
Throwing       | |  2.9
Dodging        | |  2.9
Stealth        | |  2.7
Evocations     | |  2.9

Action                   |  1- 3 |  4- 6 || total
-------------------------+-------+-------++-------
Melee: Trident           |   133 |    61 ||   194
       Bite              |     9 |     7 ||    16
       Punch             |     1 |       ||     1
  Use: Scroll            |       |     7 ||     7
 Stab: Sleeping          |     3 |       ||     3
Armor: Leather armour    |    10 |       ||    10
       Robe              |     2 |       ||     2
       Ring mail         |    11 |    16 ||    27
Dodge: Dodged            |    61 |    28 ||    89
